 Dungeon Crawl Stone Soup version 0.31.0-10-gcf4a605ca0 (webtiles) character file.

Game seed: 6455248775637160026

74 Arcadio the Chopper (level 4, 0/41 HPs)
             Began as a Hill Orc Monk on Jan 25, 2024.
             Slain by Grinder (2 damage)
             ... on level 3 of the Dungeon.
             The game lasted 00:03:21 (2173 turns).

Arcadio the Chopper (Hill Orc Monk)                 Turns: 2173, Time: 00:03:22

Health: 0/41       AC: 10    Str: 15    XL:     4   Next: 28%
Magic:  4/4        EV:  7    Int: 10    God:
Gold:   89         SH:  0    Dex: 13    Spells: 3/3 levels left

rFire   + . .        a - +0 hand axe
rCold   . . .        d - orb {light}
rNeg    . . .        g - +1 chain mail {rF+}
rPois   .            (no helmet)
rElec   .            l - +0 cloak
rCorr   .            (no gloves)
SInv    .            (no boots)
Will    .....        (no amulet) Stlth
                     (no ring)
HPRegen 0.26/turn    (no ring)
MPRegen 0.09/turn

%: no passive effects
@: glowing
A: no striking features
a: no special abilities


You were on level 3 of the Dungeon.
You visited 1 branch of the dungeon, and saw 3 of its levels.

You collected 89 gold pieces.

Inventory:

Hand Weapons
 a - a +0 hand axe (weapon)
Armour
 b - a +0 robe
 d - an orb of light (worn)
 g - a +1 chain mail of fire resistance (worn)
 k - a +0 buckler
 l - a +0 cloak (worn)
 m - a +0 plate armour
Scrolls
 e - 2 scrolls of identify {unknown}
 f - a scroll of teleportation {unknown}
 h - 2 scrolls of fear {unknown}
 i - a scroll of enchant armour {unknown}
 p - a scroll of blinking {unknown}
Potions
 c - a potion of ambrosia
 j - a potion of attraction {unknown}
 n - a potion of heal wounds {unknown}
 o - 2 potions of brilliance {unknown}


   Skills:
 + Level 4.6 Fighting
 + Level 5.0 Axes
 + Level 2.1 Armour
 - Level 2.4 Dodging


You had 3 spell levels left.
You didn't know any spells.
Your spell library contained the following spells:

 Spells                   Type           Power      Damage    Failure   Level
 Slow                     Hex            0%         N/A       99%         1
 Confusing Touch          Hex            0%         N/A       100%        3
 Sigil of Binding         Hex            0%         N/A       100%        3
 Vampiric Draining        Necr           0%         2d6       100%        3


Dungeon Overview and Level Annotations

Branches:
Dungeon (3/15)

Altars:
Okawaru
Ru
Sif Muna
Vehumet
Wu Jian

Annotations:
D:3 Grinder


Message History

You kill the rat!
Grinder comes into view.
Grinder shouts!
Grinder gestures at you.
You suddenly lose the ability to move!
Grinder blinks!
You can move again.
You see here a +2 pair of boots.
You aren't carrying any items that you can evoke.
Okay, then.
You hit Grinder.
Grinder is lightly wounded.
Grinder gestures at you.
You suddenly lose the ability to move!
Grinder hits you.
You writhe in agony.
Grinder hits you but does no damage. Grinder hits you!
You writhe in agony.
You can move again.
You hit Grinder.
Grinder is moderately wounded.
Grinder hits you!
You barely miss Grinder.
Grinder is moderately wounded.
Grinder gestures at you. Pain shoots through your body!
You barely miss Grinder.
Grinder is moderately wounded.
Grinder says, "Tell me all your secrets, or I'll kill you."
Grinder gestures at you. You resist with significant effort.
You hit Grinder.
Grinder is moderately wounded.
Grinder hits you but does no damage.
You slash Grinder!
Grinder is heavily wounded.
Grinder hits you!
* * * LOW HITPOINT WARNING * * *
You writhe in agony.
You die...
Grinder sighs, "Dead already?
I want a refund."

#......# _..
#......# #..
#......# #8.
########......#
..............#
...........>..#
.........######
......5..#
......†@.#
.........#####
.........[...#
.............#
.............#
#####........#
##########


You could see Grinder.

Vanquished Creatures
  An adder (D:2)
  A dart slug (D:1)
  2 ribbon worms (D:2)
  10 endoplasms
  4 giant cockroaches
  7 goblins
  8 hobgoblins
  4 kobolds
  A quokka (D:1)
  3 ball pythons
  3 bats
  3 frilled lizards
  2 rats
49 creatures vanquished.

Notes
Turn   | Place    | Note
-------+----------+-------------------------------------------
     0 | D:1      | Arcadio the Hill Orc Monk began the quest for the Orb.
     0 | D:1      | Reached XP level 1. HP: 19/19 MP: 1/1
    27 | D:1      | Reached XP level 2. HP: 22/27 MP: 2/2
   171 | D:1      | Reached skill level 1 in Armour
   470 | D:1      | Reached XP level 3. HP: 33/33 MP: 3/3
   879 | D:2      | Found a radiant altar of Vehumet.
  1425 | D:2      | Reached XP level 4. HP: 41/41 MP: 4/4
  1959 | D:3      | Found an ornate altar of the Wu Jian Council.
  2041 | D:3      | Found a sacrificial altar of Ru.
  2084 | D:3      | Reached skill level 5 in Axes
  2133 | D:3      | Found an iron altar of Okawaru.
  2135 | D:3      | Found a shimmering blue altar of Sif Muna.
  2160 | D:3      | Noticed Grinder
  2161 | D:3      | Paralysed by Grinder for 2 turns
  2165 | D:3      | Paralysed by Grinder for 4 turns
  2173 | D:3      | HP: 2/41 [Grinder (7)]
  2173 | D:3      | Slain by Grinder

Illustrated notes

Levels and vault maps discovered:
D:1:      lightli_arrival_flooded_house, layout_loops_ring, kennysheep_doodads,
          minmay_misc_feat_five, minmay_tromino_i4
D:2:      layout_loops_corners, basic_altar, grunt_ministairs_7
D:3:      layout_basic, nicolae_overflow_hidden_temple,
          nicolae_ru_sacrificial_ziggurat, mainiacjoe_overflow_surrounded_room,
          serial_shops, nicolae_shop_tiny_statue_garden, uniq_grinder

Skill      XL: |  1  2  3  4 |
---------------+-------------+-----
Armour         | 1 2 |  2.1
Fighting       | 4 |  4.6
Axes           | 5 |  5.0
Dodging        | |  2.4

Action                     |  1- 3 |  4- 6 || total
---------------------------+-------+-------++-------
  Melee: Hand axe          |   125 |    54 ||   179
 Armour: Robe              |    11 |       ||    11
         Chain mail        |    84 |    38 ||   122
  Dodge: Dodged            |    54 |    12 ||    66
